 Dungeon Crawl Stone Soup version 0.23.0 (webtiles) character file.

Game seed: 2274466423846255058

1695 Inarius the Fighter (level 8, -2/66 HPs)
             Began as a Black Draconian Wanderer on Feb 13, 2019.
             Was an Initiate of Hepliaklqana.
             Killed by divine providence
             ... invoked by an orc priest
              (11 damage)
             ... on level 7 of the Dungeon.
             The game lasted 00:13:51 (9671 turns).

Inarius the Fighter (Black Draconian Wanderer)      Turns: 9671, Time: 00:13:52

Health: -2/66      AC:  6    Str: 16    XL:     8   Next: 72%
Magic:  11/11      EV: 12    Int: 15    God:    Hepliaklqana [......]
Gold:   456        SH:  3    Dex:  9    Spells: 9/11 levels left

rFire    . . .     SeeInvis .   A - +0 hand axe (freeze)
rCold    . . .     Gourm    .   c - +0 buckler
rNeg     . . .     Faith    .   (armour unavailable)
rPois    .         Spirit   .   t - +0 hat
rElec    +         Reflect  .   n - scarf {repulsion}
rCorr    .         Harm     .   (no gloves)
MR       +....                  (no boots)
Stlth    ++........             w - amulet of rage
HPRegen  0.21/turn              d - ring of wizardry
MPRegen  0.12/turn              q - ring of protection from magic

@: very slightly contaminated, invisible, repel missiles
A: breathe lightning, unfitting armour, reduced essence, electricity resistance,
cold-blooded, AC +6
a: Breathe Lightning, Recall Ancestor, Ancestor Identity, Renounce Religion,
Evoke Berserk Rage


You were on level 7 of the Dungeon.
You worshipped Hepliaklqana.
Hepliaklqana was noncommittal.
You were hungry.

You visited 2 branches of the dungeon, and saw 8 of its levels.
You also visited: Sewer.

You collected 456 gold pieces.

Inventory:

Hand Weapons
 A - a +0 hand axe of freezing (weapon)
Armour
 c - a +0 buckler (worn)
 n - a scarf of repulsion (worn)
 t - a +0 hat (worn)
Jewellery
 d - a ring of wizardry (left hand)
 q - a ring of protection from magic (right hand)
 w - an amulet of rage (around neck)
Scrolls
 g - 8 scrolls of teleportation
 l - 2 scrolls of enchant weapon {unknown}
 p - a scroll of remove curse
 u - a scroll of blinking {unknown}
 x - 3 scrolls of amnesia
 y - a scroll of immolation {unknown}
Potions
 a - a potion of brilliance {unknown}
 e - 2 potions of agility
 h - 4 potions of heal wounds
 i - 3 potions of curing
 k - 4 potions of flight
 m - a potion of magic
 o - 2 potions of invisibility
 s - a potion of might {unknown}
 v - a potion of mutation {unknown}
Comestibles
 f - 9 rations


   Skills:
 + Level 8.0 Fighting
 * Level 7.6 Axes
   Level 0.2(4.7) Maces & Flails
   Level 1.0 Bows
 + Level 1.0 Throwing
 + Level 3.0 Dodging
 - Level 2.2 Stealth
 + Level 2.0 Shields
 - Level 2.0 Spellcasting
 + Level 1.0 Translocations
 * Level 1.1 Invocations
 - Level 1.0 Evocations


You had 9 spell levels left.
You knew the following spells:

 Your Spells              Type           Power        Failure   Level  Hunger
a - Blink                 Tloc           N/A          12%         2    ###....

Your spell library contained the following spells:

 Spells                   Type           Power        Failure   Level  Hunger
 Flame Tongue             Conj/Fire      #....        12%         1    #......
 Magic Dart               Conj           #...         12%         1    #......
 Sting                    Conj/Pois      #...         12%         1    #......
 Call Imp                 Summ           #.......     16%         2    ###....
 Slow                     Hex            #.......     16%         2    ###....
 Throw Flame              Conj/Fire      #.....       16%         2    ###....
 Conjure Flame            Conj/Fire      #.......     32%         3    ###....
 Inner Flame              Hex/Fire       #.......     32%         3    ###....
 Mephitic Cloud           Conj/Pois/Air  #.......     32%         3    ###....
 Static Discharge         Conj/Air       #.......     32%         3    ###....
 Sticky Flame             Conj/Fire      #.......     69%         4    #####..
 Fireball                 Conj/Fire      #.........   95%         5    ######.


Dungeon Overview and Level Annotations

Branches:
Dungeon (7/15)             Temple (1/1) D:6

Altars:
Ashenzari
Cheibriados
Dithmenos
Elyvilon
Fedhas
Hepliaklqana
Kikubaaqudgha
Nemelex Xobeh
Okawaru
Qazlal
Ru
Trog
Vehumet
Wu Jian
Xom
Yredelemnul
Zin
The Shining One


Innate Abilities, Weirdness & Mutations

You can breathe wild blasts of lightning.
Your glossy black scales are hard. (AC +6)
You cannot fit into any form of body armour.
You are resistant to electric shocks. (rElec)
You are cold-blooded and may be slowed by cold attacks.
Your life essence is reduced to manifest your ancestor. (-10% HP)


Message History

Beogh smites you! The hippogriff bites you!
The hippogriff pecks you but does no damage.
The hippogriff claws you but does no damage.
You hit the hippogriff. You freeze the hippogriff.
The hippogriff is heavily wounded.
Unknown command.
You slash the hippogriff! You freeze the hippogriff.
The hippogriff is severely wounded.
The hippogriff bites you. The hippogriff pecks you.
* * * LOW HITPOINT WARNING * * *
The hippogriff claws you but does no damage.
Unknown command.
You barely miss the hippogriff.
The hippogriff is severely wounded.
The hippogriff bites you.
* * * LOW HITPOINT WARNING * * *
The hippogriff barely misses you. The hippogriff closely misses you.
The orc priest calls down the wrath of Beogh upon you.
Beogh smites you!
You die...

##..##
..###/...
##..## ......#
#...## ...o#
###..# ##..##
##.## #....#
##.## ##o...#
##.#####o..#..#
##..##H.####..#
##..@.## #..#
#....# #..#
#.h..# #.<
#....# #.
......#
...##R..#
...#####...
...# ##.


You could see the friendly Namzu the ancestor, a hippogriff, a hound, 2 orc
priests and an orc.

Vanquished Creatures
  2 orc warriors
  A sky beast (D:5)
  2 ogres
  A phantom (D:5)
  2 centaurs (D:5)
  A big kobold (Sewer)
  A howler monkey (D:6)
  A bullfrog zombie (D:5)
  2 hounds (D:5)
  A jelly (D:4)
  2 bullfrog skeletons
  2 orc priests
  An iguana (D:5)
  2 orc wizards
  A centaur skeleton (D:4)
  An iron imp (D:5)
  Ijyb (D:4)
  A worker ant (D:5)
  A hound zombie (D:6)
  A hound skeleton (D:4)
  8 gnolls
  4 adders
  2 river rats
  2 oozes
  A worm (D:3)
  3 dart slugs
  9 leopard geckos
  9 orcs
  3 giant cockroaches
  8 goblins
  7 hobgoblins
  9 jackals
  11 kobolds
  2 quokkas
  4 ball pythons
  5 bats
  A giant cockroach zombie (D:5)
  A jackal skeleton (D:4)
  15 rats
131 creatures vanquished.

Vanquished Creatures (collateral kills)
  A centaur (D:6)
  A crimson imp (D:6)
  An orc priest (Temple)
  A bullfrog skeleton (D:6)
  A gnoll (D:6)
  An orc (D:6)
6 creatures vanquished.

Vanquished Creatures (others)
  An ancestor (D:6)
1 creature vanquished.

Grand Total: 138 creatures vanquished

Notes
Turn   | Place    | Note
-------+----------+-------------------------------------------
     0 | D:1      | Inarius the Draconian Wanderer began the quest for the Orb.
     0 | D:1      | Inarius set off with the following items: a +0 buckler, a
                  | +0 club, a ration; and the following spells available to
                  | memorise: Magic Dart, Sting, Blink, Call Imp, Slow, Conjure
                  | Flame, Mephitic Cloud, Static Discharge
     0 | D:1      | Reached XP level 1. HP: 22/22 MP: 3/3
   222 | D:1      | Reached XP level 2. HP: 28/28 MP: 5/5
   389 | D:1      | Reached skill level 5 in Fighting
   893 | D:2      | Learned a level 2 spell: Blink
  1198 | D:2      | Reached XP level 3. HP: 19/36 MP: 6/6
  1928 | D:2      | Found a sparkling altar of Nemelex Xobeh.
  2072 | D:2      | Reached XP level 4. HP: 37/44 MP: 7/7
  2131 | D:2      | Reached skill level 1 in Axes
  2272 | D:3      | Reached skill level 1 in Dodging
  2580 | D:3      | Found an ornate altar of the Wu Jian Council.
  2883 | D:3      | Found a blossoming altar of Fedhas.
  2885 | D:3      | Found a stormy altar of Qazlal.
  2940 | D:3      | Reached skill level 6 in Fighting
  2984 | D:3      | Found a glowing golden altar of the Shining One.
  2986 | D:3      | Found a bloodstained altar of Trog.
  2989 | D:3      | Found a basalt altar of Yredelemnul.
  3467 | D:3      | Found a radiant altar of Vehumet.
  3897 | D:4      | Reached XP level 5. HP: 12/50 MP: 8/8
  4103 | D:4      | Found a glowing drain.
  4143 | Sewer    | Entered a sewer
  4583 | Sewer    | Found a white marble altar of Elyvilon.
  4696 | D:4      | Reached skill level 1 in Stealth
  4817 | D:4      | Reached XP level 6. HP: 57/57 MP: 9/9
  5016 | D:4      | Noticed Ijyb
  5035 | D:4      | Killed Ijyb
  5103 | D:4      | Found a sacrificial altar of Ru.
  5832 | D:5      | Entered Level 5 of the Dungeon
  6081 | D:5      | Your scales start taking on a glossy black colour.
  6081 | D:5      | Reached XP level 7. HP: 64/64 MP: 10/10
  6081 | D:5      | Gained mutation: You are resistant to electric shocks.
                  | (rElec) [Black Draconian growth]
  6297 | D:5      | HP: 3/64 [centaur (9)]
  6679 | D:5      | Reached skill level 7 in Fighting
  6679 | D:5      | Reached skill level 5 in Axes
  6880 | D:5      | Reached skill level 1 in Evocations
  7551 | D:5      | Found a snail-covered altar of Cheibriados.
  7573 | D:5      | Reached XP level 8. HP: 60/73 MP: 11/11
  8382 | D:6      | Found a staircase to the Ecumenical Temple.
  8402 | Temple   | Entered the Ecumenical Temple
  8448 | Temple   | Became a worshipper of Hepliaklqana the Forgotten
  9172 | D:6      | Reached skill level 8 in Fighting
  9172 | D:6      | Reached skill level 1 in Invocations
  9652 | D:7      | Noticed a hippogriff
  9671 | D:7      | Killed from afar by an orc priest

Skill      XL: |  1  2  3  4  5  6  7  8 |
---------------+-------------------------+-----
Fighting       | 5 6 7 8 |  8.0
Axes           | 2 3 4 5 7 |  7.6
Dodging        | 1 2 3 |  3.0
Stealth        | 1 2 |  2.2
Evocations     | 1 |  1.0
Shields        | 2 |  2.0
Invocations    | 1 |  1.1
Maces & Flails | |  0.2
Bows           | |  1.0
Throwing       | |  1.0
Spellcasting   | |  2.0
Translocations | |  1.0

Action                   |  1- 3 |  4- 6 |  7- 9 || total
-------------------------+-------+-------+-------++-------
Melee: Club              |    70 |       |       ||    70
       Tailslap          |     8 |    32 |    43 ||    83
       Hand axe          |   105 |   277 |   303 ||   685
Evoke: Wand              |       |     9 |    12 ||    21
  Use: Scroll            |       |     7 |     5 ||    12
       Potion            |       |       |     5 ||     5
 Stab: Paralysed         |       |    27 |    33 ||    60
       Sleeping          |       |     1 |     1 ||     2
  Eat: Chunk             |     4 |     7 |     7 ||    18
       Ration            |       |     2 |     1 ||     3
Armor: Skin              |    63 |    71 |    69 ||   203
Dodge: Dodged            |    96 |   141 |   147 ||   384
       Deflected         |     4 |     1 |     6 ||    11
Block: Buckler           |    23 |    42 |    43 ||   108
